 Dungeon Crawl Stone Soup version 0.15-a0-2151-gce93697 (webtiles) character file.

8676 PolkaDot the Impaler (level 11, -1/95 HPs)
             Began as a Hill Orc Fighter on July 18, 2014.
             Was an Elder of Beogh.
             Succumbed to a spiny frog's poison
             ... on Level 1 of the Lair of Beasts on July 19, 2014.
             The game lasted 00:52:29 (9663 turns).

PolkaDot the Impaler (Hill Orc Fighter)             Turns: 9663, Time: 00:52:29

HP  -1/95        AC 17     Str 20      XL: 11   Next: 34%
MP   0/11        EV  7     Int  8      God: Beogh [****..]
Gold 510         SH  0     Dex 14      Spells:  1 memorised,  8 levels left

rFire  + . .     SeeInvis .     y - +0 halberd
rCold  . . .     Clarity  .     i - +0 chain mail
rNeg   . . .     rCorr    .     (no shield)
rPois  .         rRot     .     o - +2 helmet of Untruth {+Fly Dex+1}
rElec  .         Spirit   +     p - +1 cloak
SustAb .         Warding  .     (no gloves)
rMut   .         Stasis   .     (no boots)
Gourm  .                        B - amulet of guardian spirit
MR     .....                    w - ring of protection from fire
                                s - ring of invisibility

@: lethally poisoned, not resistant to hostile enchantments, extremely
unstealthy
A: no striking features
a: Smiting, Recall Orcish Followers, Renounce Religion, Evoke Invisibility,
Evoke Flight


You were on level 1 of the Lair of Beasts.
You worshipped Beogh.
Beogh was greatly pleased with you.
You were near starving.

You visited 2 branches of the dungeon, and saw 11 of its levels.

You collected 510 gold pieces.

Inventory:

Hand weapons
 a - a +0 trident
 y - a +0 halberd (weapon)
Armour
 i - a +0 chain mail (worn)
 o - the +2 helmet of Untruth (worn) {+Fly Dex+1}
   (You acquired it on level 6 of the Dungeon)

   It affects your dexterity (+1).
   It lets you fly.
 p - a +1 cloak (worn)
 F - a troll hide
Magical devices
 k - a wand of flame (3) {unknown}
 x - a wand of cold (2)
 C - a wand of disintegration (6) {unknown}
 D - a wand of invisibility (5) {unknown}
Comestibles
 d - 5 meat rations
 h - 4 royal jellies
 m - 3 bread rations
 n - 2 beef jerkies
 H - a slice of pizza
Scrolls
 c - a scroll of blinking
 e - a scroll of noise
 f - 3 scrolls of teleportation
 g - a scroll of amnesia
 j - 2 scrolls of enchant armour
 l - 2 scrolls of enchant weapon
 r - 2 scrolls of magic mapping
 u - 4 scrolls of remove curse
 z - a scroll of fear {unknown}
 G - a scroll of silence {unknown}
Jewellery
 s - a ring of invisibility (left hand)
 t - an uncursed amulet of warding
 w - a ring of protection from fire (right hand)
 B - an amulet of guardian spirit (around neck)
 I - an uncursed amulet of resist corrosion
Potions
 q - a potion of restore abilities
 v - 2 potions of might
 A - a potion of cancellation
 E - a potion of cure mutation {!q}


   Skills:
 + Level 8.7 Fighting
 * Level 15.3 Polearms
 + Level 7.8 Armour
   Level 3.2 Shields


You had 8 spell levels left.
You knew the following spells:

 Your Spells              Type           Power        Failure   Level  Hunger
q - Blink                 Tloc           N/A          100%        2    ###....


Dungeon Overview and Level Annotations

Branches:
Dungeon (10/15)            Temple (0/1) D:4            Lair (1/8) D:8
    Orc: D:9-12

Altars:
Ashenzari
Fedhas
Gozag
Kikubaaqudgha
Nemelex Xobeh
Xom

Shops:
D:5 [   D:8 **


Message History

* * * LOW HITPOINT WARNING * * *
You feel sick.
The spiny frog stings you but does no damage.
You slash the spiny frog!
You kill the spiny frog!
Beogh accepts your kill. Beogh blesses you with reinforcements.
* * * LOW HITPOINT WARNING * * *
You feel sick.
Drink which item? (? for menu, Esc to quit)
Okay, then.
Wear which item? (? for menu, Esc to quit)
Okay, then.
Read which item? (? for menu, Esc to quit)
Okay, then.
Drink which item? (? for menu, Esc to quit)
Okay, then.
Read which item? (? for menu, Esc to quit)
Okay, then.
You swap places.
You die...

..≈≈≈≈≈≈≈.#....##.....#....
≈≈≈≈≈≈≈≈......++.....#....
≈≈≈≈≈≈≈≈≈.....##..........
≈≈≈≈..≈≈≈.....++.....P....
≈≈≈≈≈>.≈≈≈≈....##.....#....
.≈≈≈≈≈≈≈≈≈.....##......#..#
.≈≈≈≈≈≈≈≈≈o######.....)....
#.≈≈≈≈≈≈≈≈≈.######..........
..≈.≈≈≈≈≈.≈@oo..............
....≈≈..≈).o....[...........
..................)........
.......................####
..........###.P###.....#
#####....###.####.....#
#.....#...........#
#....##...........#
#....##....##.....#


You could see a friendly orc priest, a friendly orc wizard and 2 friendly orcs.

Vanquished Creatures
  A hydra (D:9)
  The ghost of spanner the Covert, an experienced SpEn of Makhleb (Lair:1)
  A deep troll (D:9)
  Pikel (D:6)
  A spiny frog (Lair:1)
  A two-headed ogre (D:9)
  A hippogriff (D:7)
  The ghost of inmateoo the Insei, an average MfTm (D:3)
  Menkaure (D:5)
  5 ice beasts
  A necrophage (D:8)
  A yellow wasp (D:7)
  3 sky beasts
  8 ogres
  A phantom (D:9)
  3 orc warriors
  4 centaurs
  Duvessa (D:9)
  A big kobold (D:8)
  A giant frog (D:7)
  8 scorpions
  A wyvern skeleton (D:9)
  A water moccasin skeleton (D:6)
  14 killer bees
  4 wights (D:7)
  3 crimson imps
  A goliath beetle (D:9)
  A jelly (D:7)
  Dowan (D:9)
  A gnoll shaman (D:4)
  An elf zombie (D:8)
  A giant frog zombie (D:7)
  Crazy Yiuf (D:6)
  4 iguanas
  2 orc priests (D:8)
  6 worker ants
  6 hounds
  7 orc wizards
  An ogre zombie (D:8)
  A big kobold zombie (D:9)
  Ijyb (D:3)
  A hound zombie (D:9)
  A worker ant zombie (D:5)
  6 gnolls
  10 adders
  A green rat (D:6)
  2 giant mites
  3 worms
  A shadow imp (D:8)
  An adder zombie (D:9)
  An iguana skeleton (D:4)
  2 giant geckos (D:6)
  An ooze (D:3)
  12 orcs
  19 bats
  A bat skeleton (D:8)
  13 goblins
  12 hobgoblins
  2 jackals (D:2)
  7 quokkas
  A ball python (D:3)
  5 giant cockroaches
  4 giant newts
  A giant newt zombie (D:5)
  A goblin zombie (D:5)
  19 kobolds
  A kobold zombie (D:8)
  An orc zombie (D:5)
  15 rats
  A ballistomycete (D:8)
249 creatures vanquished.

Vanquished Creatures (collateral kills)
  Joseph (D:9)
  Prince Ribbit (D:9)
  An ogre (D:8)
  3 giant frogs
  A killer bee (D:8)
  A yak skeleton (D:8)
  A crimson imp (D:9)
  An orc wizard (D:9)
  An orc priest (D:9)
  An iguana (D:9)
  An adder skeleton (D:8)
  An orc (D:9)
  A quokka (D:9)
  A bat (D:8)
16 creatures vanquished.

Vanquished Creatures (others)
  An orc knight (D:9)
  An orc warrior (D:9)
  2 orc priests
  4 orc wizards
  A worm (D:4)
  4 orcs
  A giant spore (D:8)
  A kobold skeleton (D:6)
15 creatures vanquished.

Grand Total: 280 creatures vanquished

Notes
Turn   | Place    | Note
--------------------------------------------------------------
     0 | D:1      | PolkaDot, the Hill Orc Fighter, began the quest for the Orb.
     0 | D:1      | Reached XP level 1. HP: 19/19 MP: 1/1
   227 | D:1      | Reached XP level 2. HP: 26/26 MP: 2/2
   663 | D:2      | Reached XP level 3. HP: 26/31 MP: 3/3
   810 | D:2      | Reached skill level 4 in Polearms
  1321 | D:2      | Reached XP level 4. HP: 31/39 MP: 4/4
  1566 | D:3      | Found a blossoming altar of Fedhas.
  1566 | D:3      | Noticed Ijyb
  1569 | D:3      | Noticed inmateoo's ghost (average MfTm)
  1607 | D:3      | Killed Ijyb
  1607 | D:3      | Reached skill level 5 in Polearms
  1614 | D:3      | Killed inmateoo's ghost
  1614 | D:3      | Reached skill level 6 in Polearms
  1614 | D:3      | Reached XP level 5. HP: 32/45 MP: 5/5
  1781 | D:3      | Reached XP level 6. HP: 45/51 MP: 6/6
  1907 | D:4      | Reached skill level 7 in Polearms
  2630 | D:4      | Found a staircase to the Ecumenical Temple.
  2641 | D:4      | Reached skill level 8 in Polearms
  2641 | D:4      | Reached XP level 7. HP: 53/57 MP: 7/7
  2909 | D:4      | Became a worshipper of Beogh the Brigand
  3058 | D:4      | Found a sparkling altar of Nemelex Xobeh.
  3081 | D:4      | Reached skill level 9 in Polearms
  3327 | D:4      | Found an opulent altar of Gozag.
  3368 | D:5      | Entered Level 5 of the Dungeon
  3395 | D:5      | Found Ydeos' Antique Armour Boutique.
  3593 | D:5      | Reached XP level 8. HP: 24/64 MP: 8/8
  3799 | D:5      | Reached skill level 10 in Polearms
  3844 | D:5      | Noticed Menkaure
  3858 | D:5      | Killed Menkaure
  3860 | D:5      | Acquired Beogh's first power
  4043 | D:5      | Reached skill level 11 in Polearms
  4629 | D:6      | Reached skill level 12 in Polearms
  4629 | D:6      | Reached XP level 9. HP: 42/70 MP: 9/9
  4811 | D:6      | Noticed Pikel
  5109 | D:6      | Killed Pikel
  5211 | D:6      | Identified a scroll of acquirement
  5212 | D:6      | Got a fine helmet
  5216 | D:6      | Identified the +2 helmet of Untruth {+Fly Dex+1} (You acquired it on level 6 of the Dungeon)
  5470 | D:6      | Found a shimmering altar of Xom.
  5476 | D:6      | Acquired Beogh's second power
  5593 | D:6      | Noticed Crazy Yiuf
  5602 | D:6      | Killed Crazy Yiuf
  5745 | D:7      | Paralysed by a yellow wasp for 1 turns
  5843 | D:7      | Reached skill level 13 in Polearms
  6123 | D:7      | Reached skill level 5 in Fighting
  6402 | D:7      | Reached skill level 5 in Armour
  6603 | D:7      | Reached XP level 10. HP: 69/82 MP: 10/10
  6941 | D:7      | Found a shattered altar of Ashenzari.
  7209 | D:8      | Acquired Beogh's third power
  7654 | D:8      | Found a staircase to the Lair.
  7677 | D:8      | Reached skill level 14 in Polearms
  7684 | D:8      | Found Noenuonn's General Store.
  7834 | D:8      | Gained Morguth as an ally
  7913 | D:8      | Acquired Beogh's fourth power
  7924 | D:8      | Found Meodaleu's General Store.
  8090 | D:9      | Noticed Joseph
  8105 | D:9      | Killed Joseph
  8183 | D:9      | Noticed Dowan
  8185 | D:9      | Noticed Duvessa
  8191 | D:9      | Killed Dowan
  8201 | D:9      | Killed Duvessa
  8449 | D:9      | Noticed Prince Ribbit
  8456 | D:9      | Killed Prince Ribbit
  8487 | D:9      | Learned a level 2 spell: Blink
  8510 | D:9      | Noticed a deep troll
  8513 | D:9      | Your ally Morguth died
  8520 | D:9      | Noticed a four-headed hydra
  8522 | D:9      | Killed a deep troll
  8522 | D:9      | Reached XP level 11. HP: 57/94 MP: 11/11
  8530 | D:9      | Killed a nine-headed hydra
  8530 | D:9      | Reached skill level 15 in Polearms
  9145 | D:9      | Found an opulent altar of Gozag.
  9148 | D:9      | Found an ancient bone altar of Kikubaaqudgha.
  9190 | D:10     | Entered Level 10 of the Dungeon
  9483 | Lair:1   | Entered Level 1 of the Lair of Beasts
  9559 | Lair:1   | Noticed spanner's ghost (experienced SpEn)
  9615 | Lair:1   | Killed spanner's ghost
  9659 | Lair:1   | HP: 4/95 [spiny frog (2)]
  9662 | Lair:1   | HP: 1/95 [poisoned by a spiny frog]
  9663 | Lair:1   | Succumbed to a spiny frog's poison

Action                   |  1- 3 |  4- 6 |  7- 9 | 10-12 || total
-------------------------+-------+-------+-------+-------++-------
Melee: Trident           |   179 |   185 |   657 |    30 ||  1051
       Halberd           |       |       |       |   419 ||   419
Invok: Convert to Beogh  |       |       |     1 |       ||     1
Evoke: Wand              |       |       |     2 |       ||     2
  Use: Potion            |       |     9 |     3 |     7 ||    19
       Scroll            |       |       |    13 |     3 ||    16
 Stab: Distracted        |       |       |       |     1 ||     1
  Eat: Chunk             |     1 |     5 |    10 |     8 ||    24
       Bread ration      |       |       |     1 |       ||     1
